 Dungeon Crawl Stone Soup version 0.18-a0-1800-gdc7a371 (webtiles) character file.

153 Moloch the Chopper (level 5, -3/67 HPs)
             Began as a Minotaur Fighter on Apr 24, 2016.
             Succumbed to M4edhros's ghost's poison
             ... on level 4 of the Dungeon.
             The game lasted 00:03:54 (2674 turns).

Moloch the Chopper (Minotaur Fighter)               Turns: 2674, Time: 00:03:55

Health: -3/67      AC: 10    Str: 27    XL:     5   Next: 12%
Magic:  4/4        EV:  6    Int:  5    God:
Gold:   191        SH:  9    Dex:  9    Spells: 0 memorised, 4 levels left

rFire  . . .     SeeInvis .     a - +0 war axe
rCold  . . .     Gourm    .     o - +0 chain mail
rNeg   . . .     Faith    .     c - +0 shield
rPois  .         Spirit   .     (helmet restricted)
rElec  .         Dismiss  .     (no cloak)
rCorr  .         Reflect  .     (no gloves)
SustAt .         Harm     .     j - +0 pair of boots
MR     +....                    (no amulet)
Stlth  ..........               s - ring of protection from magic
                                q - +3 ring of slaying

@: mighty, berserking, lethally poisoned (-3 -> -63), very slightly
contaminated, drained, invisible, very quick, somewhat resistant to hostile
enchantments, extremely unstealthy
A: retaliatory headbutt, horns 2
a: no special abilities


You were on level 4 of the Dungeon.
You were hungry.

You visited 1 branch of the dungeon, and saw 4 of its levels.

You collected 191 gold pieces.

Inventory:

Hand Weapons
 a - a +0 war axe (weapon)
 w - a +0 morningstar
Armour
 c - a +0 shield (worn)
 j - a +0 pair of boots (worn)
 o - a +0 chain mail (worn)
Jewellery
 q - a +3 ring of slaying (left hand)
 s - a ring of protection from magic (right hand)
 A - an uncursed ring of protection from fire {unknown}
Scrolls
 b - a scroll of blinking {unknown}
 i - a scroll of enchant weapon {unknown}
 k - a scroll of teleportation {unknown}
 m - 3 scrolls of magic mapping {unknown}
 n - 3 scrolls of remove curse
 v - 3 scrolls of identify {unknown}
 y - a scroll of fog {unknown}
 B - a scroll of enchant armour {unknown}
Potions
 p - a potion of flight {unknown}
 t - a potion of curing {unknown}
 x - a potion of brilliance {unknown}
 z - a potion of haste {unknown}
Comestibles
 f - 2 bread rations
 h - 5 beef jerkies
 l - a royal jelly


   Skills:
 - Level 3.6(3.5) Fighting
 + Level 6.5(6.4) Axes
 - Level 3.6(3.5) Armour
 - Level 3.6(3.5) Shields


You had 4 spell levels left.
You didn't know any spells.

Dungeon Overview and Level Annotations

Branches:
Dungeon (4/15)
 Temple: D:4-7

Altars:
Elyvilon
Makhleb
Nemelex Xobeh
Qazlal
Zin
The Shining One

Shops:
D:4 *

Annotations:
D:4 M4edhros's ghost, amateur OpAr


Innate Abilities, Weirdness & Mutations

You reflexively headbutt those who attack you in melee.
You have a pair of horns on your head.


Message History

You feel very sick. M4edhros's ghost hits you.
* * * LOW HITPOINT WARNING * * *
You are more poisoned.
You are too berserk!
Your shield and chain mail prevent you from hitting M4edhros's ghost.
Your headbutt misses M4edhros's ghost.
M4edhros's ghost is heavily damaged.
* * * LOW HITPOINT WARNING * * *
You feel very sick.
M4edhros's ghost guffaws, "I laugh when killing.
So smile when dying.
SMILE!"
You block M4edhros's ghost's attack.
You closely miss M4edhros's ghost.
M4edhros's ghost is heavily damaged.
* * * LOW HITPOINT WARNING * * *
You feel very sick.
Unknown command.
You closely miss M4edhros's ghost. Your headbutt misses M4edhros's ghost.
M4edhros's ghost is heavily damaged.
You die...

............'....# #.....#....#.
####.#.#....###..# #####.#....#.
#.#....### #..# #####.######.
..........# #..####.....######.
#.#####)#.# #..................
#. #.#.# ##.###....#.####### #.
#.#.# #.# #....#.# # #. ###.#.#
#.# #.)..#+#### # ....#.####@#
#.........# # ##........W.#
#.........####
...#...########.........##..
.#.#....................##.#
........................... ..
#..#...#.....#.............
#..###..#..)......#.............
....#.............#.....#.##....
#.......#.#.......##+#..........


You could see M4edhros's ghost.

Vanquished Creatures
  6 adders
  An ooze (D:3)
  An adder skeleton (D:4)
  2 worms (D:2)
  4 dart slugs
  3 giant geckos
  3 orcs
  2 ball pythons
  8 bats
  2 giant cockroaches
  9 hobgoblins
  3 jackals (D:1)
  2 quokkas (D:2)
  4 giant newts
  5 goblins
  12 kobolds
  A quokka skeleton (D:4)
  6 rats
74 creatures vanquished.

Notes
Turn   | Place    | Note
--------------------------------------------------------------
     0 | D:1      | Moloch the Minotaur Fighter began the quest for the Orb.
     0 | D:1      | Reached XP level 1. HP: 19/19 MP: 0/0
    60 | D:1      | Reached skill level 3 in Axes
   116 | D:1      | Reached XP level 2. HP: 26/26 MP: 1/1
   217 | D:1      | Reached skill level 4 in Axes
   248 | D:1      | Reached XP level 3. HP: 20/31 MP: 2/2
   807 | D:2      | Reached skill level 5 in Axes
   903 | D:2      | Reached XP level 4. HP: 36/39 MP: 3/3
   983 | D:2      | Found a stormy altar of Qazlal.
   983 | D:2      | Found a sparkling altar of Nemelex Xobeh.
  1131 | D:2      | Found a glowing golden altar of the Shining One.
  1133 | D:2      | Found a glowing silver altar of Zin.
  1134 | D:2      | Found a white marble altar of Elyvilon.
  1575 | D:3      | Reached skill level 6 in Axes
  1816 | D:3      | Reached XP level 5. HP: 40/45 MP: 4/4
  2306 | D:4      | Found Xomued's Assorted Antiques.
  2372 | D:4      | Found a burning altar of Makhleb.
  2640 | D:4      | Noticed M4edhros's ghost (amateur OpAr)
  2673 | D:4      | HP: 1/67 [poisoned by M4edhros's ghost]
  2674 | D:4      | Succumbed to M4edhros's ghost's poison

Vault maps used:
D:1:      tarquinn_simple_flora_water_b, st_stairs_1
D:2:      wad_crossroads, good_gods_temple_1, gammafunk_temple_overflow_elements
D:3:      nrook_loot_triangle
D:4:      nicolae_overflow_hidden_temple, serial_shops, shop_fountains,
          kennysheep_minor_cross, kennysheep_small_square

Skill      XL: |  1  2  3  4 |
---------------+-------------+-----
Axes           | 3 4 5 6 |  6.5
Fighting       | |  3.6
Armour         | |  3.6
Shields        | |  3.6

Action                   |  1- 3 |  4- 6 || total
-------------------------+-------+-------++-------
Melee: War axe           |    82 |    98 ||   180
       Headbutt          |     5 |    17 ||    22
  Use: Scroll            |       |     1 ||     1
       Potion            |       |     6 ||     6
  Eat: Chunk             |       |     5 ||     5
Armor: Scale mail        |    27 |       ||    27
       Chain mail        |    13 |    48 ||    61
Dodge: Dodged            |    20 |    21 ||    41
Block: Shield            |    48 |    47 ||    95
